 Dungeon Crawl Stone Soup version 0.31-a0-232-gb1c03b2570 (webtiles) character file.

Game seed: 206187302510743104

25 Decritt the Grave Robber (level 2, -2/21 HPs)
             Began as a Mummy Necromancer on July 7, 2023.
             Slain by an adder (4 damage)
             ... on level 1 of the Dungeon.
             The game lasted 00:03:15 (985 turns).

Decritt the Grave Robber (Mummy Necromancer)         Turns: 985, Time: 00:03:16

Health: -2/21      AC:  2    Str: 11    XL:     2   Next: 82%
Magic:  1/6        EV: 12    Int: 14    God:
Gold:   54         SH:  0    Dex: 12    Spells: 6/7 levels left

rFire   x . .        f - staff of death
rCold   + . .        (no shield)
rNeg    + + +        a - +0 robe
rPois   ∞            (no helmet)
rElec   .            (no cloak)
rCorr   .            (no gloves)
SInv    .            (no boots)
Will    .....        (no amulet)
Stlth   ++           (no ring)
HPRegen 0.23/turn    (no ring)
MPRegen 0.10/turn

%: faith
@: about to teleport
A: cold resistance 1, negative energy resistance 3, torment resistance 2, heat
vulnerability 1, no potions, faith
a: no special abilities


You were on level 1 of the Dungeon.
You visited 1 branch of the dungeon, and saw 2 of its levels.

You collected 54 gold pieces.

Inventory:

Hand Weapons
 c - a +2 dagger of protection
Armour
 a - a +0 robe (worn)
Magical Staves
 f - a staff of death (weapon)
Scrolls
 e - a scroll of amnesia {unknown}
 g - a scroll of revelation {unknown}
 r - 2 scrolls of identify


   Skills:
 + Level 1.1 Fighting
 + Level 1.9 Dodging
 - Level 1.5 Stealth
 + Level 3.1 Spellcasting
 + Level 4.2 Necromancy


You had 6 spell levels left.
You knew the following spells:

 Your Spells              Type           Power      Damage    Failure   Level
a - Necrotise             Necr           84%        1d8       3%          1

Your spell library contained the following spells:

 Spells                   Type           Power      Damage    Failure   Level
 Vampiric Draining        Necr           21%        2d7       11%         3
 Poisonous Vapours        Pois/Air       4%         N/A       32%         2
 Animate Dead             Necr           21%        N/A       36%         4
 Mephitic Cloud           Conj/Pois/Air  2%         N/A       54%         3
 Agony                    Necr           21%        N/A       71%         5
 Freezing Cloud           Conj/Ice/Air   1%         6-21      99%         5


Dungeon Overview and Level Annotations

Branches:
Dungeon (2/15)

Altars:

Shops:
D:1 [

Annotations:
D:2 Sigmund


Innate Abilities, Weirdness & Mutations

You are immune to poison.
Your flesh is cold resistant. (rC+)
You are immune to negative energy. (rN+++)
You are immune to unholy pain and torment.
You are vulnerable to heat. (rF-)
You do not drink.
You have a special connection with the divine. (Faith)


Message History

Aiming: Necrotise (safe; 3% risk of failure)
Press: ? - help, Shift-Dir - straight line, f/p - Sigmund
Aim: Sigmund, wielding a +0 scythe and wearing a +0 robe (heavily wounded, chance to affect: 85%)
You feel a surge of power!
Sigmund writhes in agony.
Sigmund barely misses you. The adder bites you.
Casting: Necrotise (safe; 3% risk of failure)
Confirm with . or Enter, or press ? or * to list all spells.
Aiming: Necrotise (safe; 3% risk of failure)
Press: ? - help, Shift-Dir - straight line, f/p - Sigmund
Aim: Sigmund, wielding a +0 scythe and wearing a +0 robe (heavily wounded, chance to affect: 85%)
You feel a surge of power!
Sigmund writhes in agony.
The adder closely misses you.
Sigmund hits you from afar with a +0 scythe!
Ouch! That really hurt!
* * * LOW HITPOINT WARNING * * *
The adder bites you.
* * * LOW HITPOINT WARNING * * *
You climb upwards.
There is a stone staircase leading down here.
Casting: Necrotise (safe; 3% risk of failure)
Confirm with . or Enter, or press ? or * to list all spells.
Aiming: Necrotise (safe; 3% risk of failure)
Press: ? - help, Shift-Dir - straight line, f - adder
Aim: an adder (chance to affect: 85%)
You feel a surge of power!
The adder writhes in agony.
The adder bites you.
* * * LOW HITPOINT WARNING * * *
The adder bites you but does no damage.
Casting: Necrotise (safe; 3% risk of failure)
Confirm with . or Enter, or press ? or * to list all spells.
You don't have enough magic to cast this spell.
The adder attacks as you move away! The adder bites you.
* * * LOW HITPOINT WARNING * * *
As you read the scroll labelled DEGUIJ SI KICI, it crumbles to dust.
It is a scroll of identify.
b - a scroll of teleportation;
r - 2 scrolls of identify The adder barely misses you. x2
As you read the scroll of teleportation, it crumbles to dust.
You feel strangely unstable. The adder misses you.
The adder attacks as you move away! The adder bites you.
You die...

####..#######+#######'# #.##
#..####..#.#.####..# #...
#..................# ####
#.#####......#####.# ########
#.######.###.#####.####.......
#........>...##......##......#
########.##..##......##.......
#....S##..............)
#####.@.......##....∩.#
####............###
##############


You could see an adder.

Vanquished Creatures
  A dart slug (D:1)
  4 bats (D:1)
  An endoplasm (D:1)
  2 goblins (D:1)
  A hobgoblin (D:1)
  3 kobolds (D:1)
  A quokka (D:1)
  3 ball pythons (D:1)
  4 frilled lizards (D:1)
  2 rats (D:1)
22 creatures vanquished.

Notes
Turn   | Place    | Note
-------+----------+-------------------------------------------
     0 | D:1      | Decritt the Mummy Necromancer began the quest for the Orb.
     0 | D:1      | Reached XP level 1. HP: 13/13 MP: 4/4
   179 | D:1      | Found Liloeh's Armour Emporium.
   218 | D:1      | Reached XP level 2. HP: 20/20 MP: 2/5
   643 | D:1      | Reached skill level 1 in Fighting
   970 | D:2      | Noticed Sigmund
   980 | D:1      | HP: 1/21 [adder (2)]
   985 | D:1      | Slain by an adder

Illustrated notes

Levels and vault maps discovered:
D:1:      roderic_octagonal_star, layout_loops_ring, serial_shops, shop
D:2:      layout_basic, minmay_misc_feat_enclosed, nicolae_hexahallways,
          uniq_sigmund, uniq_crazy_yiuf_cottage

Skill      XL: |  1  2 |
---------------+-------+-----
Spellcasting   | 3 |  3.1
Fighting       | 1 |  1.1
Dodging        | |  1.9
Stealth        | |  1.5
Necromancy     | |  4.2

Action                     || total
---------------------------++-------
  Melee: Unarmed           ||     6
         Staff             ||     6
         Dagger            ||     2
   Cast: Necrotise         ||    40
    Use: Scroll            ||     2
 Armour: Robe              ||     4
  Dodge: Dodged            ||    13

Table legend: (Time is in decaauts)
 A = Elapsed time spent in this place.
 B = Non-inter-level travel time spent in this place.
 C = Inter-level travel time spent in this place.
 D = Time resting spent in this place.
 E = Time spent auto-exploring this place.
 F = Levels seen in this place.
 G = Mean time per level.
                   A        B        C        D        E       F      G
               +--------+--------+--------+--------+--------+-----+--------+
         Total |    984 |    962 |     22 |      0 |    804 |   2 |  492.0 |
       Dungeon |    984 |    962 |     22 |      0 |    804 |   2 |  492.0 |
               +--------+--------+--------+--------+--------+-----+--------+

Top non-repeatable levels by time:
     D:1: 977 daAuts
     D:2: 6 daAuts
